 Dungeon Crawl Stone Soup version 0.19.0-18-g426998a (webtiles) character file.

146 dysrexia the Insei (level 5, -4/41 HPs)
             Began as a Human Monk on Nov 11, 2016.
             Slain by Grinder (7 damage)
             ... on level 3 of the Dungeon.
             The game lasted 00:07:35 (2888 turns).

dysrexia the Insei (Human Monk)                     Turns: 2888, Time: 00:07:36

Health: -4/41      AC:  7    Str: 12    XL:     5   Next: 53%
Magic:  5/5        EV: 12    Int: 15    God:
Gold:   88         SH:  0    Dex: 16    Spells: 0 memorised, 4 levels left

rFire  . . .     SeeInvis .       - Unarmed
rCold  . . .     Gourm    .     k - +0 ring mail
rNeg   . . .     Faith    .     (no shield)
rPois  .         Spirit   .     g - +0 helmet
rElec  .         Reflect  .     a - +0 cloak
rCorr  .         Harm     .     (no gloves)
MR     .....                    (no boots)
Stlth  +.........               (no amulet)
                                (no ring)
                                (no ring)

@: brilliant, very slightly contaminated, invisible
A: no striking features
a: no special abilities


You were on level 3 of the Dungeon.
You were hungry.

You visited 1 branch of the dungeon, and saw 3 of its levels.

You collected 88 gold pieces.

Inventory:

Armour
 a - a +0 cloak (worn)
 g - a +0 helmet (worn)
 k - a +0 ring mail (worn)
Scrolls
 h - 4 scrolls of remove curse
Potions
 d - a potion of ambrosia
Books
 m - a book of Burglary

   Spells                             Type                      Level
   a - Swiftness                      Charms/Air                   2
   b - Passwall                       Transmutation/Earth          2
   c - Passage of Golubria            Translocation                4
   d - Lee's Rapid Deconstruction     Earth                        5
   e - Darkness                       Hexes                        6
   f - Invisibility                   Hexes                        6
Comestibles
 b - 2 bread rations
 c - 2 chunks of flesh
 f - a meat ration
 o - a fruit


   Skills:
 - Level 3.0 Fighting
 - Level 3.0 Dodging
 - Level 2.0 Stealth
 * Level 5.8 Unarmed Combat


You had 4 spell levels left.
You didn't know any spells.

Dungeon Overview and Level Annotations

Branches:
Dungeon (3/15)

Altars:

Annotations:
D:2 Sigmund
D:3 Grinder


Message History

You writhe in agony.
* * * LOW HITPOINT WARNING * * *
Press: ? - help, v - describe, . - travel, g - get item
Here: Grinder (lightly wounded)
A mace.
There is something else lying underneath.
The floor.
Grinder blinks!
Grinder barely misses you.
You hit Grinder.
Grinder is moderately wounded.
Grinder closely misses you.
You hit Grinder.
Grinder is heavily wounded.
Grinder says, "Tell me all your secrets, or I'll kill you."
Grinder barely misses you.
You barely miss Grinder.
Grinder is heavily wounded.
Grinder hits you!
You die...

# #. ##.... ###########
#.......... #.........# ..#...
... #.........### .#..#
#.###.........#.# #...##
#.).#........<#.# ......
#...........#.# ..##.#
.##w.........#.###### .##
..##.........#......# ..###..#
.##@.....#........#
................5........#######
#.##############......#..# #.#
####......##.# #.#
#.........##.# #.########
##.#######.##.## ..........##..#
#.##..#
##.....##....########.###.###
#<....#####.........[..>...###


You could see Grinder and a worm (wandering).

Vanquished Creatures
  Ijyb (D:2)
  A howler monkey skeleton (D:2)
  3 gnolls
  An adder (D:2)
  2 worms (D:2)
  A dart slug (D:2)
  3 leopard geckos (D:2)
  6 orcs (D:3)
  2 ball pythons
  4 bats
  3 giant cockroaches
  3 goblins
  3 hobgoblins
  10 jackals
  A quokka (D:2)
  5 frilled lizards
  6 kobolds
  4 rats
59 creatures vanquished.

Vanquished Creatures (others)
  A quokka (D:3)
1 creature vanquished.

Grand Total: 60 creatures vanquished

Notes
Turn   | Place    | Note
-------+----------+-------------------------------------------
     0 | D:1      | dysrexia the Human Monk began the quest for the Orb.
     0 | D:1      | Reached XP level 1. HP: 18/18 MP: 1/1
    92 | D:1      | Reached XP level 2. HP: 13/24 MP: 2/2
   867 | D:1      | Reached skill level 4 in Unarmed Combat
   867 | D:1      | Reached XP level 3. HP: 23/29 MP: 3/3
  1015 | D:2      | Noticed Ijyb
  1819 | D:2      | Killed Ijyb
  1819 | D:2      | Reached XP level 4. HP: 34/35 MP: 4/4
  1846 | D:2      | Noticed Sigmund
  1910 | D:2      | Reached skill level 5 in Unarmed Combat
  2149 | D:2      | Reached XP level 5. HP: 28/41 MP: 5/5
  2766 | D:3      | Noticed Grinder
  2870 | D:3      | Paralysed by Grinder for 3 turns
  2882 | D:3      | HP: 2/41 [Grinder (5)]
  2888 | D:3      | Slain by Grinder

Skill      XL: |  1  2  3  4 |
---------------+-------------+-----
Unarmed Combat | 4 5 |  5.8
Fighting       | |  3.0
Dodging        | |  3.0
Stealth        | |  2.0

Action                   |  1- 3 |  4- 6 || total
-------------------------+-------+-------++-------
Melee: Unarmed           |   161 |   111 ||   272
       Punch             |     3 |     5 ||     8
  Use: Scroll            |       |     7 ||     7
       Potion            |       |     2 ||     2
 Stab: Sleeping          |     3 |       ||     3
  Eat: Chunk             |     3 |     3 ||     6
Armor: Robe              |    19 |       ||    19
       Ring mail         |    40 |    19 ||    59
Dodge: Dodged            |   108 |    62 ||   170
